 Dungeon Crawl Stone Soup version 0.25.1-2-g60ff931df9 (webtiles) character file.

Game seed: 6912059879510865943

5083 protoss039 the Thaumaturge (level 10, 0/56 HPs)
             Began as a Deep Elf Conjurer on Aug 2, 2020.
             Was an Elder of Vehumet.
             Killed by vampiric draining
             ... invoked by a vampire
              (17 damage)
             ... on level 9 of the Dungeon.
             The game lasted 00:32:48 (9292 turns).

protoss039 the Thaumaturge (Deep Elf Conjurer)      Turns: 9292, Time: 00:32:48

Health: 0/56       AC:  7    Str:  5    XL:     10   Next: 31%
Magic:  3/29       EV: 17    Int: 24    God:    Vehumet [****..]
Gold:   339        SH:  0    Dex: 15    Spells: 18/35 levels left

rFire    . . .     SeeInvis .   q - +2 trident (vorpal)
rCold    . . .     Gourm    .   (no shield)
rNeg     . . .     Faith    +   D - +0 steam dragon scales
rPois    .         Spirit   .   z - +0 helmet
rElec    .         Reflect  .   (no cloak)
rCorr    .         Harm     .   (no gloves)
MR       +....                  g - +0 pair of boots
Stlth    ++........             p - amulet of faith
HPRegen  0.18/turn              A - +4 ring of evasion
MPRegen  0.21/turn              (no ring)

@: frozen ramparts
A: no striking features
a: Renounce Religion


You were on level 9 of the Dungeon.
You worshipped Vehumet.
Vehumet was greatly pleased with you.
You were not hungry.

You visited 1 branch of the dungeon, and saw 9 of its levels.

You collected 339 gold pieces.

Inventory:

Hand Weapons
 q - a +2 vorpal trident (weapon)
Missiles
 r - 31 poisoned darts (quivered)
Armour
 g - a +0 pair of boots (worn)
 z - a +0 helmet (worn)
 D - +0 steam dragon scales (worn)
Jewellery
 p - an amulet of faith (around neck)
 A - a +4 ring of evasion (left hand)
Wands
 t - a wand of flame (14)
 x - a wand of clouds (3)
 y - a wand of iceblast (7)
Scrolls
 a - a scroll of holy word {unknown}
 d - 3 scrolls of enchant weapon {unknown}
 e - 3 scrolls of remove curse {unknown}
 i - 2 scrolls of teleportation {unknown}
 j - 2 scrolls of amnesia {unknown}
 k - 2 scrolls of random uselessness {unknown}
 l - a scroll of immolation
 w - a scroll of fear
 B - a scroll of fog
 E - a scroll of identify
Potions
 b - a potion of mutation {unknown}
 h - 5 potions of flight {unknown}
 m - a potion of might
 o - a potion of berserk rage {unknown}
 s - a potion of magic {unknown}
 u - a potion of degeneration {unknown}
 v - 2 potions of heal wounds {unknown}
 C - a potion of lignification {unknown}
 F - a potion of stabbing {unknown}
Comestibles
 c - 17 rations
 n - 6 chunks of flesh


   Skills:
 * Level 3.0 Fighting
 - Level 3.0 Dodging
 - Level 3.0 Stealth
 + Level 13.0 Spellcasting
 + Level 11.5 Conjurations
 - Level 4.0 Hexes
 - Level 2.0 Translocations


You had 18 spell levels left.
You knew the following spells:

 Your Spells              Type           Power        Failure   Level  Hunger
a - Magic Dart            Conj           ####         1%          1    None
b - Searing Ray           Conj           ######       1%          2    None
c - Dazzling Flash        Conj/Hex       ######       1%          3    None
d - Iskenderun's Mystic   Conj/Tloc      #####...     1%          4    None
e - Fulminant Prism       Conj/Hex       ######....   1%          4    None
f - Frozen Ramparts       Ice            ###...       3%          3    None

Your spell library contained the following spells:

 Spells                   Type           Power        Failure   Level  Hunger
 Ignite Poison            Fire/Tmut/Pois ###.....     3%          3    None
 Sandblast                Erth           ###...       1%          1    None
 Stone Arrow              Conj/Erth      #####.       1%          3    None
 Passwall                 Tmut/Erth      ###.....     6%          2    None
 Lee's Rapid Deconstruct  Erth           ###.......   26%         5    ###....
 Petrify                  Tmut/Erth      ###.....     36%         4    None


Dungeon Overview and Level Annotations

Branches:
Dungeon (9/15)             Temple (0/1) D:6
   Lair: D:8-11         Orc: D:9-12

Altars:
Elyvilon
Gozag
Hepliaklqana
Kikubaaqudgha
Makhleb
Nemelex Xobeh
Okawaru
Qazlal
Ru
Vehumet
Wu Jian
The Shining One

Annotations:
D:4 2 transporters, Nebesus's ghost, amateur DsSu


Message History

Unknown command.
Unknown command.
The wall freezes something.
You hear some strange, mumbled words.
You are confused.
Unknown command.
Unknown command.
You feel better.
The wall freezes something.
Unknown command.
Press: ? - help, v - describe, . - travel The floor.
Casting: Frozen Ramparts (dangerous; 3% risk of failure)
Confirm with . or Enter, or press ? or * to list all spells.
Aiming: Fulminant Prism (safe; 1% risk of failure)
Press: ? - help, Dir - move target cursor You conjure a prism of explosive energy!
A fulminant prism comes into view.
An orc comes into view. It is wielding a +0 short sword.
The wall freezes something.
Unholy energy fills the air.
You die...

#.# ###############
#.###.............
#.......#@.......
########.......#{*....####
.......#.......#..........
.......#.......#).....##
.......#.......#..รท...#
.......'.).....o)#.####
.......#####o....#.#
......##.........#.#
####..##.###.....#.#


You could see an orc and a friendly fulminant prism.

Vanquished Creatures
  A two-headed ogre (D:9)
  Maggie (D:8)
  A troll (D:9)
  A spriggan (D:7)
  2 hungry ghosts (D:9)
  2 orc warriors
  3 ice beasts
  A phantom (D:7)
  A black bear (D:7)
  6 ogres
  6 centaurs
  6 bullfrogs
  2 scorpions
  3 howler monkeys (D:9)
  4 crimson imps
  A centaur zombie (D:9)
  8 hounds
  A bullfrog skeleton (D:5)
  A centaur skeleton (D:4)
  5 orc priests
  4 jellies
  9 orc wizards
  2 iguanas
  4 worker ants
  A killer bee zombie (D:7)
  A howler monkey zombie (D:5)
  4 gnolls (D:4)
  9 adders
  A shadow imp (D:2)
  An adder zombie (D:7)
  2 worms (D:4)
  3 leopard geckos
  21 orcs
  A ball python (D:4)
  5 bats
  7 giant cockroaches
  6 goblins
  4 hobgoblins
  6 jackals
  8 kobolds
  6 quokkas
  6 frilled lizards
  A jackal zombie (D:6)
  3 quokka skeletons
  A quokka zombie (D:8)
  9 rats
181 creatures vanquished.

Vanquished Creatures (others)
  An orc (D:9)
  14 fulminant prisms
15 creatures vanquished.

Grand Total: 196 creatures vanquished

Notes
Turn   | Place    | Note
-------+----------+-------------------------------------------
     0 | D:1      | protoss039 the Deep Elf Conjurer began the quest for the
                  | Orb.
     0 | D:1      | Reached XP level 1. HP: 10/10 MP: 6/6
   229 | D:1      | Reached XP level 2. HP: 15/15 MP: 5/8
   377 | D:1      | Learned a level 2 spell: Searing Ray
   710 | D:2      | Found a sacrificial altar of Ru.
   890 | D:2      | Reached skill level 5 in Conjurations
   890 | D:2      | Reached XP level 3. HP: 19/19 MP: 4/9
  1404 | D:3      | Reached XP level 4. HP: 24/24 MP: 5/11
  2221 | D:3      | Found a radiant altar of Vehumet.
  2227 | D:3      | Became a worshipper of Vehumet
  2380 | D:3      | Reached skill level 4 in Spellcasting
  2502 | D:4      | Reached XP level 5. HP: 14/28 MP: 3/13
  2808 | D:4      | Found a white marble altar of Elyvilon.
  2887 | D:4      | Noticed a centaur
  2893 | D:4      | Killed a centaur
  2893 | D:4      | Reached skill level 5 in Spellcasting
  2937 | D:4      | Reached XP level 6. HP: 28/32 MP: 8/16
  3114 | D:4      | Reached skill level 6 in Spellcasting
  3518 | D:4      | Found a transporter.
  3518 | D:4      | Noticed Nebesus's ghost (amateur DsSu)
  3747 | D:4      | Found a transporter.
  3774 | D:4      | You fall into a shaft and drop 3 floors!
  3780 | D:7      | Learned a level 3 spell: Dazzling Flash
  3785 | D:7      | Learned a level 4 spell: Fulminant Prism
  3790 | D:7      | Learned a level 4 spell: Iskenderun's Mystic Blast
  3884 | D:7      | Noticed an orc warrior
  3892 | D:5      | Entered Level 5 of the Dungeon
  3902 | D:5      | Reached * piety under Vehumet
  3902 | D:5      | Offered knowledge of Shock by Vehumet.
  3927 | D:5      | Reached skill level 7 in Spellcasting
  3927 | D:5      | Reached XP level 7. HP: 34/36 MP: 5/19
  4040 | D:5      | Found a hazy altar of Hepliaklqana.
  4054 | D:5      | Found a stormy altar of Qazlal.
  4092 | D:5      | Found an ornate altar of the Wu Jian Council.
  4095 | D:5      | Found a glowing golden altar of the Shining One.
  4215 | D:5      | You fall into a shaft and drop 3 floors!
  4261 | D:7      | Reached skill level 8 in Spellcasting
  4516 | D:7      | Found a burning altar of Makhleb.
  4587 | D:7      | Reached XP level 8. HP: 41/41 MP: 16/22
  4646 | D:7      | Reached skill level 9 in Spellcasting
  4851 | D:6      | Reached skill level 10 in Spellcasting
  6040 | D:6      | Found a staircase to the Ecumenical Temple.
  6134 | D:6      | Reached ** piety under Vehumet
  6134 | D:6      | Reached skill level 10 in Conjurations
  6371 | D:6      | Offered knowledge of Sandblast by Vehumet.
  6422 | D:6      | Reached XP level 9. HP: 39/45 MP: 20/25
  6550 | D:6      | Reached skill level 11 in Spellcasting
  6968 | D:7      | Reached skill level 1 in Hexes
  6990 | D:7      | Reached skill level 1 in Translocations
  7337 | D:7      | Offered knowledge of Frozen Ramparts by Vehumet.
  7339 | D:7      | Reached skill level 1 in Fighting
  7360 | D:7      | Learned a level 3 spell: Frozen Ramparts
  7411 | D:7      | Reached *** piety under Vehumet
  7980 | D:8      | Found an opulent altar of Gozag.
  8023 | D:8      | Found an iron altar of Okawaru.
  8353 | D:8      | Noticed Maggie
  8361 | D:8      | Killed Maggie
  8361 | D:8      | Reached skill level 12 in Spellcasting
  8462 | D:8      | Found a hazy altar of Hepliaklqana.
  8549 | D:8      | Found a white marble altar of Elyvilon.
  8555 | D:8      | Found an ancient bone altar of Kikubaaqudgha.
  8684 | D:9      | Found a sparkling altar of Nemelex Xobeh.
  8699 | D:9      | Offered knowledge of Olgreb's Toxic Radiance by Vehumet.
  8971 | D:9      | Reached XP level 10. HP: 54/54 MP: 26/28
  9066 | D:9      | Found a radiant altar of Vehumet.
  9124 | D:9      | Noticed a two-headed ogre
  9132 | D:9      | Killed a two-headed ogre
  9267 | D:9      | Reached **** piety under Vehumet
  9286 | D:9      | Offered knowledge of Ignite Poison by Vehumet.
  9286 | D:9      | Reached skill level 13 in Spellcasting
  9292 | D:9      | Killed from afar by a vampire

Illustrated notes

Levels and vault maps discovered:
D:1:      dpeg_arrival_stone_temple_mockup, layout_rooms
D:2:      lemuel_upstairs_altar, layout_basic, lemuel_crystal_altar
D:3:      layout_basic, marbit_many_paths
D:4:      layout_rooms, gammafunk_ghost_mausoleum, dk_noncrumbling_3,
          grunt_decor_mini_mirrors, kennysheep_big_empty_room, lemuel_tele_altar
D:5:      layout_rooms, grunt_temple_overflow_cloverleaf, first_ration,
          skrybe_limestone_x
D:6:      layout_loops_ring, temple_hall, st_stairs_9, kennysheep_generic_room_4
D:7:      layout_basic, makhleb_heckhound_becter, the_bakery,
          minmay_fractal_squares_5
D:8:      layout_loops_corners, kennysheep_little_box,
          amethyst_overflow_temple_binary, basic_altar,
          hangedman_abyss_or_decor_stagger, chequers_serial_rivers_small_b,
          grunt_gozag_statues, uniq_maggie
D:9:      minmay_general_purpose_star, layout_basic,
          nemelex_xobeh_ov_fountains_minmay, basic_altar, minivault_20,
          lemuel_old_faithful

Skill      XL: |  1  2  3  4  5  6  7  8  9 10 |
---------------+-------------------------------+-----
Dodging        | 3 |  3.0
Conjurations   | 5 6 7 8 10 11 | 11.5
Stealth        | 3 |  3.0
Spellcasting   | 4 5 7 8 10 12 13 | 13.0
Hexes          | 3 4 |  4.0
Translocations | 2 |  2.0
Fighting       | 2 3 |  3.0

Action                   |  1- 3 |  4- 6 |  7- 9 | 10-12 || total
-------------------------+-------+-------+-------+-------++-------
Melee: Trident           |       |     5 |       |       ||     5
 Cast: Magic Dart        |    48 |   120 |    83 |     8 ||   259
       Searing Ray       |     2 |    11 |    66 |     9 ||    88
       Fulminant Prism   |       |       |    10 |     5 ||    15
       Iskenderun's Myst |       |       |     5 |       ||     5
       Dazzling Flash    |       |       |     2 |       ||     2
       Frozen Ramparts   |       |       |     1 |     1 ||     2
  Use: Potion            |     3 |       |       |     1 ||     4
       Scroll            |       |       |     4 |       ||     4
  Eat: Chunk             |     1 |     8 |    18 |     1 ||    28
Armor: Robe              |     2 |     9 |     5 |       ||    16
       Steam dragon scal |       |       |     4 |     6 ||    10
Dodge: Dodged            |     8 |    41 |    26 |     7 ||    82
